 Dungeon Crawl Stone Soup version 0.32-a0-931-g5a2cda0630 (webtiles) character file.

Game seed: 8886071034703067399

316 ezpacito the Chopper (level 6, 0/48 HPs)
             Began as a Coglin Chaos Knight on Apr 14, 2024.
             Was a Plaything of Xom.
             Slain by Pikel
             ... wielding a +2 whip of flaming
              (1 damage)
             ... on level 5 of the Dungeon.
             The game lasted 00:05:01 (3954 turns).

ezpacito the Chopper (Coglin Chaos Knight)          Turns: 3954, Time: 00:05:02

Health: 0/48       AC:  7    Str: 14    XL:     6   Next: 44%
Magic:  7/7        EV: 11    Int: 11    God:    Xom [.....*]
Gold:   179        SH:  0    Dex: 14    Spells: 4/7 levels left

rFire   . . .        a - +0 hand axe (chaos) {Eitaro}
rCold   . . .        d - +0 spear {Solveig}
rNeg    . . .        v - +0 leather armour of Calculation {rElec rCorr Stlth+}
rPois   .            (no helmet)
rElec   +            (no cloak)
rCorr   +            j - +2 pair of gloves
SInv    .            i - +0 pair of boots
Will    .....        (amulet unavailable)
Stlth   +            (ring unavailable)
HPRegen 0.28/turn    (ring unavailable)
MPRegen 0.10/turn    (no gizmo)

%: no passive effects
@: silenced, studying Axes, revved
A: off-hand wielding, slow wielding, warmup strikes, no jewellery, mutation
resistance 1
a: Invent Gizmo, Renounce Religion


You were on level 5 of the Dungeon.
You worshipped Xom.
You were Xom's teddy bear.
You visited 1 branch of the dungeon, and saw 5 of its levels.

You collected 269 gold pieces.
You spent 90 gold pieces at shops.

Inventory:

Hand Weapons
 a - a +0 hand axe of chaos (weapon) {Eitaro}
 d - a +0 spear (offhand) {Solveig}
Missiles
 n - 5 silver javelins (quivered)
Armour
 i - a +0 pair of boots (worn)
 j - a +2 pair of gloves (worn)
 v - the +0 leather armour of Calculation (worn) {rElec rCorr Stlth+}
   (You found it on level 3 of the Dungeon)

   rElec:     It insulates you from electricity.
   rCorr:     It protects you from acid and corrosion.
   Stlth+:    It makes you more stealthy.
Magical Staves
 c - a staff of death
Talismans
 x - a serpent talisman
Scrolls
 e - 2 scrolls of acquirement
 f - a scroll of poison
 k - a scroll of immolation
 m - a scroll of noise
 o - a scroll of silence
 r - a scroll of summoning {unknown}
 s - a scroll of fear {unknown}
 t - a scroll of teleportation
 u - a scroll of amnesia {unknown}
 w - a scroll of blinking {unknown}
Potions
 b - a potion of mutation {unknown}
 g - a potion of haste {unknown}
 h - 2 potions of brilliance
 l - 2 potions of heal wounds
 p - a potion of attraction
 q - a potion of curing
 z - a potion of cancellation {unknown}


   Skills:
 * Level 3.9 Fighting
 * Level 4.2(4.5) Axes
 * Level 1.8(3.1) Polearms
 + Level 1.0 Throwing
 * Level 2.7 Armour
 * Level 2.0 Dodging
 + Level 1.2 Stealth
 + Level 1.0 Spellcasting
 + Level 1.1 Summonings
 + Level 0.5 Necromancy
 + Level 0.8 Evocations
 + Level 0.1 Shapeshifting


You had 4 spell levels left.
You knew the following spells:

 Your Spells              Type           Power      Damage    Failure   Level
c - Call Canine Familiar  Summ           3%         N/A       58%         3

Your spell library contained the following spells:

 Spells                   Type           Power      Damage    Failure   Level
 Summon Small Mammal      Summ           12%        N/A       24%         1
 Jinxbite                 Hex            0%         N/A       52%         2
 Summon Blazeheart Golem  Fire/Summ      1%         N/A       97%         4
 Summon Forest            Summ/Tloc      0%         N/A       100%        5
 Yara's Violent Unravell  Hex/Alch       0%         3d3       100%        5
 Eringya's Noxious Bog    Alch           0%         4d6       100%        6
 Enfeeble                 Hex            0%         N/A       100%        7
 Haunt                    Necr/Summ      1%         N/A       100%        7
 Summon Hydra             Summ           1%         N/A       100%        7
 Borgnjor's Revivificati  Necr           0%         N/A       100%        8
 Death's Door             Necr           0%         N/A       100%        9


Dungeon Overview and Level Annotations

Branches:
Dungeon (5/15)
 Temple: D:4-7

Altars:
Gozag
Vehumet

Shops:
D:2 !   D:3 *

Annotations:
D:5 Pikel


Innate Abilities, Weirdness & Mutations

You can wield a second weapon in your off-hand.
It takes a long time for you to wield or remove held weapons.
Your first few attacks do less damage.
You cannot equip rings or amulets.
You are somewhat resistant to further mutation.


Message History

The lemure hits you but does no damage.
You closely miss Pikel with your +0 hand axe of chaos.
Pikel is lightly wounded.
You hit the iguana but do no damage.
The iguana is poisoned.
You hit the lemure but do no damage.
The lemure is moving more slowly.
You closely miss the lemure with your +0 hand axe of chaos.
You hit the lemure but do no damage.
You closely miss Pikel with your +0 spear.
The lemure hits you. The iguana barely misses you.
The lemure hits you but does no damage.
Pikel hits you with a +2 whip of flaming!
Pikel burns you. The lemure hits you.
You take 17 damage, and have 31/48 hp.
MASSIVE DAMAGE!!
You hit Pikel with your +0 spear.
Pikel is moderately wounded.
You hit Pikel with your +0 hand axe of chaos.
You hit the iguana but do no damage. You hit the lemure but do no damage.
The lemure seems to speed up.
Xom thinks this is hilarious!
You closely miss the lemure with your +0 hand axe of chaos.
You hit the lemure but do no damage. The lemure hits you. x2
Pikel hits you with a +2 whip of flaming.
Pikel burns you. The iguana bites you!
* * * LOW HITPOINT WARNING * * *
The lemure barely misses you.
You take 21 damage, and have 10/48 hp.
MASSIVE DAMAGE!!
You hit Pikel with your +0 hand axe of chaos.
You freeze Pikel.
Pikel is heavily wounded.
You hit the lemure but do no damage. x2; The lemure seems to speed up.
You barely miss the lemure with your +0 hand axe of chaos.
You hit the iguana but do no damage. You hit Pikel with your +0 spear.
The lemure stops moving altogether!
The lemure closely misses you. The lemure barely misses you.
The iguana bites you!
* * * LOW HITPOINT WARNING * * *
Pikel hits you with a +2 whip of flaming.
* * * LOW HITPOINT WARNING * * *
Pikel burns you.
You die...
Xom is highly amused!

.............
.............
.#######..##.## .#
#####...[.# .# #...
....>##########
.####.#######...........
........................
##.......###............
#.............5@l......
#.......####..5K5.....(
#.......# #...5.......
#.......# #.......)...
#.......# #.......?...
#.......# #.........$.
#.......# #...........
#.......# ############
#.......#


You could see Pikel (poisoned), 4 lemures and an iguana (very poisoned).

Vanquished Creatures
  An ice beast (D:5)
  A bombardier beetle (D:4)
  4 gnolls
  6 adders
  5 dart slugs
  2 ribbon worms
  3 orcs (D:3)
  4 bats
  6 endoplasms
  3 giant cockroaches
  10 goblins
  8 hobgoblins
  8 jackals
  2 quokkas (D:1)
  6 ball pythons
  4 frilled lizards
  4 kobolds
  7 rats
84 creatures vanquished.

Vanquished Creatures (others)
  A jackal (D:4)
1 creature vanquished.

Grand Total: 85 creatures vanquished

Notes
Turn   | Place    | Note
-------+----------+-------------------------------------------
     0 | D:1      | ezpacito the Coglin Chaos Knight began the quest for the
                  | Orb.
     0 | D:1      | Reached XP level 1. HP: 18/18 MP: 1/1
   103 | D:1      | Reached skill level 1 in Dodging
   195 | D:1      | Reached XP level 2. HP: 24/24 MP: 2/2
   308 | D:1      | Found a faded altar of an unknown god.
   698 | D:1      | Reached XP level 3. HP: 29/29 MP: 3/3
   916 | D:2      | Found Opuladaz's Distillery.
   916 | D:2      | XOM: noise
   951 | D:2      | XOM: divination: detect creatures
   953 | D:2      | Bought a potion of curing for 42 gold pieces
  1213 | D:2      | Reached skill level 1 in Polearms
  1282 | D:1      | HP: 1/29 [gnoll/+0 halberd (8)]
  1304 | D:1      | Reached XP level 4. HP: 20/35 MP: 4/4
  1375 | D:2      | XOM: enchant monster (bad)
  1502 | D:2      | Learned a level 3 spell: Call Canine Familiar
  2038 | D:3      | Identified the +0 leather armour of Calculation {rElec
                  | rCorr Stlth+}
  2084 | D:3      | Found Waeweh's General Store.
  2093 | D:3      | Reached XP level 5. HP: 41/41 MP: 5/5
  2094 | D:3      | Bought a scroll of identify for 24 gold pieces
  2094 | D:3      | Bought a scroll of identify for 24 gold pieces
  2095 | D:3      | Identified a scroll of acquirement
  2285 | D:3      | XOM: polymorph orc -> ball python
  2444 | D:3      | XOM: god gift: scroll labelled BUAPHUM OZXUET {god gift}
  2514 | D:3      | Found a radiant altar of Vehumet.
  2638 | D:3      | XOM: scenery: 1 doors close
  2643 | D:3      | Reached skill level 1 in Stealth
  2949 | D:4      | XOM: fog
  2954 | D:4      | Reached skill level 4 in Axes
  2954 | D:4      | Reached skill level 1 in Summonings
  2982 | D:4      | XOM: give mutation
  2982 | D:4      | Gained mutation: You are somewhat resistant to further
                  | mutation. [Xom's grace]
  3053 | D:4      | Identified the ring "Nomun" {rF+ Dex+2} (Xom gifted it to
                  | you on level 4 of the Dungeon)
  3053 | D:4      | XOM: god gift: ring "Nomun" {rF+ Dex+2}
  3097 | D:4      | XOM: god gift: short sword {god gift}
  3780 | D:5      | Entered Level 5 of the Dungeon
  3800 | D:5      | Found an opulent altar of Gozag.
  3844 | D:5      | Noticed an ice beast
  3873 | D:5      | Killed an ice beast
  3874 | D:5      | Reached skill level 1 in Throwing
  3874 | D:5      | Reached skill level 1 in Spellcasting
  3874 | D:5      | Reached XP level 6. HP: 41/48 MP: 7/7
  3944 | D:5      | Noticed Pikel
  3954 | D:5      | HP: 2/48 [iguana (9)]
  3954 | D:5      | Slain by Pikel

Illustrated notes

Levels and vault maps discovered:
D:1:      lightli_arrival_windingriver, layout_basic,
          ebering_ecumenical_altar_box
D:2:      layout_loops_ring, serial_shops, nicolae_shop_industrial_runoff
D:3:      layout_loops_corners, marbit_many_paths, serial_shops, shop,
          kennysheep_minor_cross, minmay_close_crescents
D:4:      layout_basic
D:5:      layout_basic, chei_slow_surprise, grunt_gozag_statues,
          ebering_ghost_reflecting_pool, uniq_pikel

Skill      XL: |  1  2  3  4  5 |
---------------+----------------+-----
Dodging        | 1 2 |  2.0
Armour         | 2 |  2.7
Polearms       | 1 |  1.8
Stealth        | 1 |  1.2
Axes           | 4 |  4.2
Summonings     | 1 |  1.1
Throwing       | 1 |  1.0
Spellcasting   | 1 |  1.0
Fighting       | |  3.9
Necromancy     | |  0.5
Evocations     | |  0.8
Shapeshifting  | |  0.1

Action                     |  1- 3 |  4- 6 || total
---------------------------+-------+-------++-------
  Melee: Hand axe          |    47 |   110 ||   157
         Dagger            |    11 |       ||    11
         Spear             |    41 |   142 ||   183
  Throw: Javelin           |     4 |       ||     4
    Use: Potion            |     2 |       ||     2
         Scroll            |     1 |    10 ||    11
   Stab: Sleeping          |     2 |    16 ||    18
         Confused          |     1 |     1 ||     2
         Petrified         |       |     9 ||     9
 Armour: Leather armour    |    41 |    50 ||    91
  Dodge: Dodged            |    47 |    53 ||   100

Table legend: (Time is in decaauts)
 A = Elapsed time spent in this place.
 B = Non-inter-level travel time spent in this place.
 C = Inter-level travel time spent in this place.
 D = Time resting spent in this place.
 E = Time spent auto-exploring this place.
 F = Levels seen in this place.
 G = Mean time per level.
                   A        B        C        D        E       F      G
               +--------+--------+--------+--------+--------+-----+--------+
         Total |   3971 |   3807 |    164 |    198 |   2974 |   5 |  794.2 |
       Dungeon |   3971 |   3807 |    164 |    198 |   2974 |   5 |  794.2 |
               +--------+--------+--------+--------+--------+-----+--------+

Top non-repeatable levels by time:
     D:1: 1069 daAuts
     D:3: 983 daAuts
     D:2: 895 daAuts
     D:4: 848 daAuts
     D:5: 174 daAuts
